AoeStats
← 'Rhythm_' = idiot

Yucatan

510602904Analyzed
4v4 RM · 18h ago on Oct 1, 2026· 48m 34s· 8 players
Game mode
Random Map
Map size
Large (8 player)
Population
200
Speed
Normal
Resources
Standard
Victory
Conquest
Starting age
Dark Age
Ending age
Imperial Age
RankedLock teamsTeams togetherTeam positionsShared explorationLock speedFull tech treeHidden civsTurbo modeCheats
Victory
Defeat
🇨🇳 Varangians · China
1372
+15
🇩🇪 Britons · Germany
1366
+15
🇬🇧 Jurchens · United Kingdom
1306
+18
🇬🇧 Mongols · United Kingdom
1278
+19
🇨🇭 Danes · Switzerland
1402
-19
🇨🇭 Persians · Switzerland
1358
-17
🇨🇭 Franks · Switzerland
1332
-16
🇨🇭 Mongols · Switzerland
1312
-15
AOE2.GG | NONO
6:27 Loom
10:39 Feudal Age
12:52 Wheelbarrow
15:39 Castle Age
14:14 Fletching
14:24 Padded Archer Armor
14:40 Double-Bit Axe
16:56 Horse Collar
29:05 Ballistics
29:35 Hand Cart
29:22 Town Watch
29:35 Bodkin Arrow
29:55 Leather Archer Armor
33:26 Imperial Age
31:12 Heavy Plow
32:34 Yeomen
32:18 Gold Mining
32:19 Stone Mining
33:19 Bow Saw
33:13 Town Patrol
32:54 Treadmill Crane
33:25 Masonry
34:29 Conscription
33:31 Elite Longbowman
34:32 Bracer
35:40 Hoardings
36:15 Chemistry
35:49 Murder Holes
36:05 Masonry
37:11 Two-Man Saw
37:29 Gold Shaft Mining
39:28 Architecture
39:04 Siege Engineers
39:25 Warwolf
40:25 Fortified Wall
43:01 Ring Archer Armor
42:31 Scale Mail Armor
42:42 Forging
43:43 Pikeman
44:24 Squires
44:09 Arson
44:40 Chain Mail Armor
45:06 Halberdier
46:22 Iron Casting
45:35 Gambesons
47:21 Plate Mail Armor
'Rhythm_' = idiot
5:51 Loom
9:30 Feudal Age
10:38 Double-Bit Axe
10:53 Horse Collar
11:25 Bloodlines
19:26 Castle Age
17:52 Scale Barding Armor
18:36 Forging
20:10 Husbandry
21:34 Wheelbarrow
22:41 Bow Saw
23:25 Chain Barding Armor
28:54 Hand Cart
30:51 Iron Casting
33:46 Imperial Age
33:04 Gold Mining
33:15 Heavy Plow
33:04 Town Watch
33:49 Cavalier
35:10 Plate Barding Armor
36:16 Blast Furnace
35:54 Stone Mining
37:04 Gothikon
38:04 Conscription
37:31 Capped Ram
40:16 Masonry
41:32 Siege Engineers
41:38 Pikeman
42:18 Squires
42:21 Scale Mail Armor
42:51 Halberdier
44:46 Chain Mail Armor
44:19 Arson
45:57 Plate Mail Armor
47:08 Elite Varangian Guard
47:54 Gambesons
mousenz
11:03 Feudal Age
14:55 Castle Age
14:29 Stone Mining
14:34 Double-Bit Axe
18:03 Horse Collar
18:36 Bow Saw
19:29 Fletching
20:31 Bodkin Arrow
24:49 Horse Collar
25:48 Heavy Plow
27:27 Padded Archer Armor
29:11 Bloodlines
29:01 Husbandry
29:19 Leather Archer Armor
29:53 Ballistics
30:27 Thumb Ring
35:40 Imperial Age
32:56 Loom
33:49 Wheelbarrow
33:57 Town Watch
34:46 Forging
34:41 Scale Barding Armor
37:12 Bracer
36:49 Elite Mangudai
37:50 Conscription
38:35 Chemistry
39:09 Siege Engineers
39:24 Hand Cart
39:10 Town Patrol
39:06 Gold Mining
39:15 Light Cavalry
40:30 Hussar
41:50 Chain Barding Armor
SgtSallyPiper
2:36 Loom
10:03 Feudal Age
16:18 Castle Age
17:07 Double-Bit Axe
19:17 Wheelbarrow
20:59 Hand Cart
24:14 Horse Collar
25:32 Bow Saw
25:38 Town Watch
25:44 Town Watch
29:35 Gold Mining
30:12 Heavy Plow
31:33 Fletching
31:46 Scale Mail Armor
31:53 Padded Archer Armor
32:47 Scale Barding Armor
34:00 Gold Shaft Mining
33:48 Squires
37:53 Imperial Age
35:31 Bodkin Arrow
36:01 Ballistics
36:27 Masonry
36:40 Leather Archer Armor
39:07 Conscription
39:04 Fortified Bastions
39:12 Siege Engineers
40:08 Chemistry
39:12 Bracer
41:24 Architecture
41:19 Stone Mining
41:04 Heavy Rocket Cart
41:48 Treadmill Crane
42:06 Murder Holes
44:09 Crop Rotation
44:23 Heavy Cavalry Archer
45:37 Ring Archer Armor
47:42 Elite Iron Pagoda
48:45 Chain Barding Armor
48:58 Forging
Fix
10:02 Feudal Age
13:47 Castle Age
13:56 Double-Bit Axe
15:54 Bow Saw
21:40 Loom
22:46 Wheelbarrow
26:39 Imperial Age
24:51 Scale Barding Armor
24:57 Forging
25:03 Pikeman
26:05 Husbandry
26:28 Chain Barding Armor
30:02 Iron Casting
29:32 Cavalier
31:24 Plate Barding Armor
31:02 Gold Mining
33:10 Blast Furnace
32:58 Hand Cart
32:44 Paladin
33:40 Town Watch
DonHektor
9:42 Feudal Age
8:15 Loom
13:41 Castle Age
12:58 Double-Bit Axe
13:07 Gold Mining
13:08 Stone Mining
14:38 Bow Saw
16:18 Horse Collar
19:07 Town Watch
21:10 Wheelbarrow
25:53 Scale Mail Armor
26:03 Forging
26:54 Chain Mail Armor
27:00 Fletching
29:35 Bodkin Arrow
29:57 Heavy Plow
36:38 Hand Cart
40:49 Imperial Age
39:15 Squires
39:01 Arson
39:52 Iron Casting
41:33 Gold Shaft Mining
41:33 Stone Shaft Mining
41:27 Elite Varangian Guard
42:38 Plate Mail Armor
43:50 Blast Furnace
43:18 Conscription
William Wallis
5:50 Loom
8:12 Feudal Age
9:54 Double-Bit Axe
16:26 Castle Age
14:18 Horse Collar
14:30 Gold Mining
15:32 Bloodlines
16:30 Wheelbarrow
16:24 Scale Barding Armor
17:02 Forging
16:33 Light Cavalry
17:40 Husbandry
21:08 Bow Saw
26:51 Town Watch
28:24 Heavy Plow
29:11 Hand Cart
29:06 Fletching
33:34 Chain Barding Armor
36:35 Imperial Age
34:44 Chain Barding Armor
35:10 Iron Casting
36:22 Cavalier
39:56 Two-Man Saw
40:30 Savar
41:53 Plate Barding Armor
42:02 Conscription
42:48 Blast Furnace
44:02 Bodkin Arrow
44:37 Ballistics
48:35 Chemistry
Fux
1:49 Loom
7:28 Loom
9:13 Feudal Age
11:58 Town Watch
14:34 Castle Age
14:21 Double-Bit Axe
14:28 Gold Mining
15:38 Wheelbarrow
20:33 Fletching
20:43 Padded Archer Armor
23:41 Horse Collar
31:40 Leather Archer Armor
33:06 Ballistics
32:53 Bodkin Arrow
33:58 Gold Shaft Mining
36:18 Murder Holes
39:59 Imperial Age
39:40 Hand Cart
39:26 Town Patrol
39:43 Bloodlines
39:34 Husbandry
39:30 Stone Mining
39:41 Heavy Plow
40:33 Bow Saw
40:42 Masonry
41:44 Conscription
43:13 Bracer
43:23 Forging
43:19 Scale Barding Armor
42:55 Light Cavalry
42:59 Elite Skirmisher
43:45 Thumb Ring
48:13 Hussar
Connection lost

Rejoining the realm…

Still unreachable

The connection could not be restored.

Session expired

The server has moved on; the page needs a fresh start.